 Dungeon Crawl Stone Soup version 0.26-a0-597-gb535b0901c (webtiles) character file.

Game seed: 7942217623937159265

9 Alarkh the Insei (level 2, 19/22 HPs)
             Began as a Demonspawn Gladiator on Sept 11, 2020.
             Got out of the dungeon alive.
             The game lasted 00:00:22 (242 turns).

Alarkh the Insei (Demonspawn Gladiator)              Turns: 242, Time: 00:00:22

Health: 19/22      AC:  4    Str: 14    XL:     2   Next: 6%
Magic:  2/2        EV: 12    Int:  9    God:
Gold:   0          SH:  0    Dex: 14    Spells: 1/1 levels left

rFire    + . .     SeeInvis .     - Unarmed
rCold    . . .     Faith    .   (no shield)
rNeg     . . .     Spirit   .   a - +0 leather armour
rPois    .         Reflect  .   b - +0 helmet
rElec    .         Harm     .   (no cloak)
rCorr    .                      (no gloves)
MR       .....                  (no boots)
Stlth    +.........             (no amulet)
HPRegen  0.07/turn              e - ring of protection from fire
MPRegen  0.08/turn              (no ring)

@: drained
A: talons 1
a: no special abilities


You escaped.
You visited 1 branch of the dungeon, and saw 1 of its levels.

Inventory:

Missiles
 c - 3 throwing nets (quivered)
Armour
 a - a +0 leather armour (worn)
 b - a +0 helmet (worn)
Jewellery
 e - a ring of protection from fire (left hand)
Potions
 d - a potion of flight {unknown}


   Skills:
 - Level 2.0(1.1) Fighting
 - Level 1.7(0.9) Throwing
 - Level 2.6(1.8) Dodging
 + Level 3.3(2.4) Unarmed Combat


You had one spell level left.
You didn't know any spells.
Your spell library was empty.

Dungeon Overview and Level Annotations

Branches:
Dungeon (1/15)

Altars:


Innate Abilities, Weirdness & Mutations

You have sharp toenails.


Message History

The kobold is moderately wounded.
The kobold closely misses you.
You closely miss the kobold. Your kick misses the kobold.
The kobold is moderately wounded.
The kobold barely misses you.
You hit the kobold.
You kill the kobold!
No target in view!
No target in view!
No target in view!
No target in view!
No target in view!
No target in view!
No target in view!
There is an open door here.
There is an escape hatch in the floor here.
There is an open door here.
There is a staircase leading out of the dungeon here.
Are you sure you want to leave the Dungeon?
This will make you lose the game!
You have escaped!

##.....###.# ###..# #.#
#.# #+#######'# #..# #.#
#.# #.........## #..# #.#
#.. #...#####...# #..#
#.# ### .#.#.###.#.#.#
###. ..# #.##.#.##.##.#
### #.###.###.# #.##
##.####.##.#.##.####.##
+.........###..@......+
..####.### ###.####..#
#.###.# #.###.#.# #.#.##
##.#.##.# #.## ##.###.#
#.#.## ##.#.##.# #.###.#
#.###.#.# #..####.###
###.####..###
+.........###.........'.#


There were no monsters in sight!

Vanquished Creatures
  A dart slug (D:1)
  A goblin (D:1)
  3 kobolds (D:1)
  A bat (D:1)
  2 rats (D:1)
8 creatures vanquished.

Notes
Turn   | Place    | Note
-------+----------+-------------------------------------------
     0 | D:1      | Alarkh the Demonspawn Gladiator began the quest for the
                  | Orb.
     0 | D:1      | Reached XP level 1. HP: 16/16 MP: 1/1
    40 | D:1      | Reached skill level 3 in Unarmed Combat
   184 | D:1      | Gained mutation: You have sharp toenails. [demonic
                  | ancestry]
   184 | D:1      | Reached XP level 2. HP: 18/22 MP: 2/2
   242 | D:$      | Got out of the dungeon alive.

Illustrated notes

Levels and vault maps discovered:
D:1:      roderic_octagonal_star, layout_loops_corners,
          corexii_item_surrounded_by_moat

Skill      XL: |  1 |
---------------+----+-----
Unarmed Combat | 3 |  3.3
Fighting       | |  2.0
Throwing       | |  1.7
Dodging        | |  2.6

Action                   || total
-------------------------++-------
Melee: Unarmed           ||    22
       Punch             ||     1
       Kick              ||     1
 Stab: Sleeping          ||     1
Armor: Leather armour    ||     3
Dodge: Dodged            ||    13

Table legend: (Time is in decaauts)
 A = Elapsed time spent in this place.
 B = Non-inter-level travel time spent in this place.
 C = Inter-level travel time spent in this place.
 D = Time resting spent in this place.
 E = Time spent auto-exploring this place.
 F = Levels seen in this place.
 G = Mean time per level.
                   A        B        C        D        E       F      G
               +--------+--------+--------+--------+--------+-----+--------+
         Total |    240 |    189 |     51 |      0 |    146 |   1 |  240.0 |
       Dungeon |    240 |    189 |     51 |      0 |    146 |   1 |  240.0 |
               +--------+--------+--------+--------+--------+-----+--------+

Top non-repeatable levels by time:
     D:1: 240 daAuts
